 Dungeon Crawl Stone Soup version 0.32-a0-33-g74fbe469d6 (webtiles) character file.

Game seed: 7761935829006653175

416648 anacleto the Skinwalker (level 22, -3/223 HPs)
             Began as a Troll Shapeshifter on Jan 20, 2024.
             Was a High Priest of Qazlal.
             Killed by Lee's Rapid Deconstruction
             ... invoked by a deep elf elementalist
              (13 damage)
             ... on level 3 of the Elven Halls.
             The game lasted 02:55:08 (46277 turns).

anacleto the Skinwalker (Troll Shapeshifter)       Turns: 46277, Time: 02:55:10

Health: -3/223     AC: 42    Str: 43    XL:     22   Next: 25%
Magic:  25/25      EV: 21    Int:  4    God:    Qazlal [*****.]
Gold:   639        SH: 25    Dex:  7    Spells: 21/21 levels left

rFire   + .          .
                       - Unarmed
rCold   + . .        K - +2 kite shield
rNeg    + . .        j - melded +0 pearl dragon scales
rPois   ∞            D - +2 hat {Stlth+}
rElec   +            Q - +1 cloak of Starlight {*Dazzle EV+4 Stlth--}
rCorr   +            (gloves unavailable)
SInv    .            (boots unavailable)
Will    +....        Y - amulet of reflection Stlth
                     w - +5 ring of evasion
HPRegen 1.37/turn    x - +9 ring of strength
MPRegen 0.19/turn

%: repel missiles, reflection
@: mighty, statue-form, resistant, protected from physical damage, studying 2
skills, very slow
A: slow and powerful, torment resistance 1, boosted hp, large, unfitting armour,
claws 3, regeneration 1, (shaggy fur 1), (tough skin 1), horns 1, (iridescent
scales 1), clumsy 1, deformed body, dopey 1, frail 2, low MP 2, teleportitis 1,
weak 1
}: 3/15 runes: decaying, slimy, gossamer
a: Begin Untransformation, Renounce Religion, Upheaval, Elemental Force,
Disaster Area


You were on level 3 of the Elven Halls.
You worshipped Qazlal.
Qazlal was extremely pleased with you.
You were a living statue of rough stone.
You visited 10 branches of the dungeon, and saw 42 of its levels.
You also visited: Bailey and Desolation.

You collected 4268 gold pieces.
You spent 3629 gold pieces at shops.

Inventory:

Missiles
 e - 6 silver javelins
 h - 7 throwing nets
 E - 20 curare-tipped darts
 O - 29 boomerangs
 S - 39 large rocks (quivered)
Armour
 j - +0 pearl dragon scales (melded)
 D - a +2 hat of stealth (worn)
 K - a +2 kite shield (worn)
 Q - the +1 cloak of Starlight (worn) {*Dazzle EV+4 Stlth--}
   (You acquired it on level 3 of the Lair of Beasts)

   *Dazzle:   It may blind those who miss an attack against the wearer in melee
   combat.
   EV+4:      It affects your evasion (+4).
   Stlth--:   It makes you much less stealthy.
Jewellery
 w - a +5 ring of evasion (left claw)
 x - a +9 ring of strength (right claw)
 Y - an amulet of reflection (around neck)
Talismans
 W - the storm talisman "Pankimn" {rC+ Str+5 Int-2 Stlth-}
   (You found it on level 5 of the Lair of Beasts)

   [storm talisman]

   Str+5:     It affects your strength (+5).
   Int-2:     It affects your intelligence (-2).
   rC+:       It protects you from cold.
   Stlth-:    It makes you less stealthy.
 X - a granite talisman (active)
 Z - a dragon-blood talisman
Wands
 c - a wand of digging (5)
 t - a wand of polymorph (24)
 u - a wand of light (28)
 B - a wand of iceblast (14)
 F - a wand of flame (72)
 R - a wand of mindburst (23)
 U - a wand of charming (40)
Scrolls
 f - 8 scrolls of identify
 k - 9 scrolls of enchant armour
 p - 4 scrolls of fog
 r - a scroll of poison
 v - 2 scrolls of immolation
 y - a scroll of revelation
 A - a scroll of silence
 H - a scroll of vulnerability
 I - 3 scrolls of enchant weapon
 P - 4 scrolls of fear
 T - a scroll of summoning
Potions
 a - 2 potions of might
 b - 4 potions of lignification
 d - 7 potions of ambrosia
 g - 8 potions of attraction
 l - a potion of haste
 o - 8 potions of mutation
 q - 12 potions of curing
 s - 3 potions of resistance
 z - 8 potions of enlightenment
 J - a potion of brilliance
 M - 4 potions of cancellation
 N - 6 potions of heal wounds
 V - 2 potions of invisibility
Miscellaneous
 i - a condenser vane
 m - a phial of floods
 n - a phantom mirror
 C - a sack of spiders
 G - a lightning rod (4/4)


   Skills:
 + Level 12.2 Fighting
 + Level 14.9 Throwing
 + Level 12.3 Dodging
 + Level 12.1 Shields
 + Level 14.2 Unarmed Combat
 + Level 14.7 Invocations
 * Level 23.2 Shapeshifting


You had 21 spell levels left.
You didn't know any spells.
Your spell library contained the following spells:

 Spells                   Type           Power      Damage    Failure   Level
 Apportation              Tloc           0%         N/A       58%         1
 Freeze                   Ice            0%         1d3       58%         1
 Magic Dart               Conj           0%         1d3       58%         1
 Slow                     Hex            0%         N/A       58%         1
 Sting                    Conj/Alch      0%         1d3       58%         1
 Call Imp                 Summ           0%         N/A       75%         2
 Cigotuvi's Dreadful Rot  Necr/Alch/Air  0%         N/A       75%         2
 Ensorcelled Hibernation  Hex/Ice        0%         N/A       75%         2
 Jinxbite                 Hex            0%         N/A       75%         2
 Mercury Vapours          Alch/Air       0%         N/A       75%         2
 Scorch                   Fire           0%         2d5       75%         2
 Searing Ray              Conj           0%         2d4       75%         2
 Static Discharge         Conj/Air       0%         3-3/arc   75%         2
 Call Canine Familiar     Summ           0%         N/A       92%         3
 Confusing Touch          Hex            0%         N/A       92%         3
 Dazzling Flash           Conj/Hex       0%         N/A       92%         3
 Fugue of the Fallen      Necr           0%         N/A       92%         3
 Inner Flame              Hex/Fire       0%         N/A       92%         3
 Mephitic Cloud           Conj/Alch/Air  0%         N/A       92%         3
 Ozocubu's Armour         Ice            0%         N/A       92%         3
 Passwall                 Erth           0%         N/A       92%         3
 Sigil of Binding         Hex            0%         N/A       92%         3
 Summon Ice Beast         Ice/Summ       0%         N/A       92%         3
 Swiftness                Air            0%         N/A       92%         3
 Tukima's Dance           Hex            0%         N/A       92%         3
 Vampiric Draining        Necr           0%         2d6       92%         3
 Airstrike                Air            0%         2d(0-16)  100%        4
 Anguish                  Hex/Necr       0%         N/A       100%        4
 Brom's Barrelling Bould  Conj/Erth      0%         2d3       100%        4
 Cause Fear               Hex            0%         N/A       100%        4
 Dimensional Bullseye     Hex/Tloc       0%         N/A       100%        4
 Dispel Undead            Necr           0%         3d6       100%        4
 Flame Wave               Conj/Fire      0%         2d4       100%        4
 Fulminant Prism          Conj/Alch      0%         3d5       100%        4
 Leda's Liquefaction      Alch/Erth      0%         N/A       100%        4
 Manifold Assault         Tloc           0%         N/A       100%        4
 Martyr's Knell           Necr/Summ      0%         N/A       100%        4
 Olgreb's Toxic Radiance  Alch           0%         N/A       100%        4
 Passage of Golubria      Tloc           0%         N/A       100%        4
 Sticky Flame             Fire/Alch      0%         2d4       100%        4
 Summon Blazeheart Golem  Fire/Summ      0%         N/A       100%        4
 Summon Lightning Spire   Summ/Air       0%         N/A       100%        4
 Alistair's Intoxication  Alch           0%         N/A       100%        5
 Borgnjor's Vile Clutch   Necr/Erth      0%         N/A       100%        5
 Curse of Agony           Necr           0%         N/A       100%        5
 Fireball                 Conj/Fire      0%         3d3       100%        5
 Irradiate                Conj/Alch      0%         3d11      100%        5
 Iskenderun's Battlesphe  Conj           0%         2d6       100%        5
 Lee's Rapid Deconstruct  Erth           0%         3d4*      100%        5
 Metabolic Englaciation   Hex/Ice        0%         N/A       100%        5
 Silence                  Hex/Air        0%         N/A       100%        5
 Summon Mana Viper        Hex/Summ       0%         N/A       100%        5
 Yara's Violent Unravell  Hex/Alch       0%         3d3       100%        5
 Bombard                  Conj/Erth      0%         9d1       100%        6
 Conjure Ball Lightning   Conj/Air       0%         3x3d6     100%        6
 Death Channel            Necr           0%         N/A       100%        6
 Eringya's Noxious Bog    Alch           0%         4d6       100%        6
 Sculpt Simulacrum        Ice/Alch       0%         N/A       100%        6
 Summon Cactus Giant      Summ           0%         N/A       100%        6
 Enfeeble                 Hex            0%         N/A       100%        7
 Haunt                    Necr/Summ      0%         N/A       100%        7
 Monstrous Menagerie      Summ           0%         N/A       100%        7
 Orb of Destruction       Conj           0%         9d5       100%        7
 Ozocubu's Refrigeration  Ice            0%         4d7       100%        7
 Summon Hydra             Summ           0%         N/A       100%        7
 Ignition                 Fire           0%         3d3       100%        8
 Infestation              Necr           0%         N/A       100%        8
 Dragon's Call            Summ           0%         N/A       100%        9
 Sublimation of Blood     Necr           Unusable   N/A       N/A         2

Dungeon Overview and Level Annotations

Branches:
Dungeon (15/15)            Temple (1/1) D:5            Lair (5/5) D:9
  Swamp (4/4) Lair:3       Spider (4/4) Lair:2        Slime (5/5) Lair:4
    Orc (2/2) D:10            Elf (3/3) Orc:2        Vaults (2/5) D:13
 Depths (1/4) D:15         Bailey (visited)         Desolation (visited)
  Crypt: Vaults:2-3

Altars:
Ashenzari
Cheibriados
Dithmenos
Elyvilon
Fedhas
Gozag
Hepliaklqana
Kikubaaqudgha
Makhleb
Nemelex Xobeh
Okawaru
Qazlal
Ru
Sif Muna
Trog
Uskayaw
Vehumet
Wu Jian
Xom
Yredelemnul
Zin
The Shining One
Jiyva
Lugonu

Shops:
D:2 (   D:9 :   D:15 *   Orc:2 ![=!   Elf:1 =   Vaults:1 (   Vaults:2 *

Portals:
Hell: Depths:1
Abyss: Lair:5
Pandemonium: Depths:1

Annotations:
D:5 2 transporters, soberseth's ghost, amateur DECj
Elf:3 Donald


Innate Abilities, Weirdness & Mutations

You are a living statue of rough stone.
Your actions are slow, but your melee attacks are powerful.
You are resistant to unholy torment.
Your maximum health is greatly increased.
Your equipment is partially melded.
You are too large for most types of armour.
You are immune to poison.
You have claws for hands.
Your natural rate of healing is unusually fast.
((You are covered in fur. (AC +1)))
((You have tough skin. (AC +1)))
You have a pair of small horns on your head.
((You are partially covered in iridescent scales. (AC +2)))
You are clumsy. (Dex -2)
Armour fits poorly on your strangely shaped body.
You are dopey. (Int -2)
You are very frail. (-20% HP)
Your magical capacity is very low. (-20% MP)
You are occasionally teleported next to monsters.
You are weak. (Str -2)


Message History

The ghostly deep elf sorcerer is severely damaged.
The ghostly deep elf sorcerer completely misses you.
You block the deep elf annihilator's attack.
The deep elf elementalist points next to you and mumbles some strange words.
The wall shatters!
The blast of rock fragments hits you but does no damage.
You eviscerate the ghostly deep elf sorcerer!!!!
You destroy the ghostly deep elf sorcerer!
Qazlal accepts your kill.
The deep elf elementalist gestures at you while chanting.
You shatter!!
The deep elf annihilator gestures wildly while chanting.
The deep elf annihilator blinks!
Your life force feels restored.
You feel protected.
The deep elf elementalist casts a spell at you.
You shatter!!
The deep elf annihilator gestures at you while chanting.
The poison arrow is repelled.
The deep elf elementalist points at you and mumbles some strange words.
You shatter!!
* * * LOW HITPOINT WARNING * * *
As you read the scroll of immolation, it crumbles to dust.
The creatures around you are filled with an inner flame!
The deep elf annihilator casts a spell at you.
The iron shot is repelled.
The deep elf elementalist casts a spell at you.
You shatter!!
* * * LOW HITPOINT WARNING * * *
The deep elf annihilator hits you from afar with a +0 spear of venom.
* * * LOW HITPOINT WARNING * * *
Okay, then.
Okay, then.
You feel much better.
The deep elf elementalist gestures at you while chanting.
You shatter!!!
* * * LOW HITPOINT WARNING * * *
The deep elf elementalist points at you and mumbles some strange words.
You shatter!
You die...

#.........# ...#.....
#.......#'.....#.....
#..e..##......#+#...
###e###.........###.
#e# ....##..## #e#
###....+e #e#
.......## #$# .$.....
#8# ....... #.#
.....## #.# ## #.#
###. ###'### #...
#.....# #...
#|.8..###########...
##..[.'.........'...
#...############...


You could see 2 deep elf annihilators, 2 deep elf elementalists and a deep elf
archer (inner flame, repels missiles).

Vanquished Creatures
  Mara (Swamp:3)
  Saint Roka (Vaults:2)
  the Lernaean hydra (Swamp:4)
  Arachne (Spider:4)
  Jorgrun (Swamp:2)
  A deep elf blademaster (Elf:2)
  A deep elf master archer (Elf:3)
  27 acid blobs
  A sphinx (D:15)
  Kirke (D:13)
  Gastronok (D:8)
  Roxanne (D:14)
  3 tengu reavers
  Aizul (Spider:2)
  16 rockslimes
  17 azure jellies
  A fire giant (Depths:1)
  7 vault wardens
  A deep elf sorcerer (Elf:3)
  2 deep elf elementalists
  7 emperor scorpions
  Louise (Spider:2)
  3 imperial myrmidons (Desolation)
  2 frost giants
  2 broodmothers (Spider:2)
  An ironbound thunderhulk (Vaults:2)
  4 ghost moths (Spider:4)
  5 ironbound preservers
  An orc warlord (Orc:1)
  15 quicksilver oozes
  6 formless jellyfish
  13 very ugly things
  2 deep elf death magi (Elf:3)
  2 deep elf demonologists (Elf:3)
  4 stone giants
  4 eleionomae
  A war gargoyle (Vaults:2)
  A halazid warlock (Desolation)
  4 bunyips
  5 dire elephants
  A spark wasp (Spider:3)
  5 deep elf annihilators
  6 ettins
  2 fire dragons (Swamp:3)
  3 crystal guardians (Desolation)
  6 yaktaur captains
  6 ragged hierophants (Desolation)
  4 entropy weavers
  A blizzard demon (Depths:1)
  2 deep elf high priests
  10 vault guards
  9 peacekeepers
  Josephine (D:13)
  7 servants of whispers (Desolation)
  10 great orbs of eyes
  Erolcha (D:11)
  25 hydras
  An ice dragon (Depths:1)
  Erica (D:8)
  2 catoblepae
  12 alligators
  2 ghost crabs (Swamp:4)
  3 ironbound frosthearts
  An ogre mage (D:13)
  3 centaur warriors
  5 radroaches
  A tengu warrior (Depths:1)
  8 boulder beetles
  15 dancing weapons
  2 deep troll shamans (Depths:1)
  6 demonic crawlers
  5 two-headed ogres
  3 orc high priests
  3 thrashing horrors (Lair:5)
  A sun demon (Depths:1)
  9 death yaks
  13 deep elf knights
  A spriggan berserker (Depths:1)
  A hell knight (Depths:1)
  Sonja (Lair:3)
  5 skysharks
  Nergalle (D:12)
  An iron troll (Depths:1)
  A storm dragon skeleton (Vaults:2)
  A fire crab (Lair:2)
  16 deep trolls
  2 large abominations (Lair:5)
  5 pharaoh ants
  2 glowing orange brains
  Lodul (D:13)
  7 goliath frogs
  13 orb spiders
  11 orc knights
  3 bog bodies
  13 swamp dragons
  4 spriggan druids
  8 steelbarb worms
  An arcanist (Vaults:2)
  6 lindwurms
  9 ironbound convokers
  3 harpies (Vaults:1)
  2 necromancers
  7 deep elf archers
  A phantasmal warrior (Vaults:1)
  21 ugly things
  5 cyclopes
  23 deep elf pyromancers
  21 deep elf zephyrmancers
  30 wolf spiders
  2 salamanders
  2 oklob plants (Lair:1)
  7 will-o-the-wisps
  7 shining eyes
  9 orc sorcerers
  3 manticores
  25 elephants
  3 moths of wrath
  3 meliai (Spider:4)
  2 black mambas (shapeshifter)
  3 guardian serpents (Desolation)
  5 black mambas
  4 kobold blastminers
  2 smoke demons (Lair:5)
  9 vault sentinels
  6 torpor snails
  2 eyes of devastation
  A molten gargoyle (Desolation)
  5 gargoyles
  19 cane toads
  An unseen horror (shapeshifter) (Elf:2)
  2 unseen horrors
  3 efreet
  3 kobold demonologists (D:12)
  2 ice devils (Orc:2)
  A tengu conjurer (D:13)
  12 yaktaurs
  8 rime drakes
  A human skeleton (Vaults:2)
  10 trolls
  18 komodo dragons
  4 polar bears
  A bloated husk (Swamp:1)
  6 tyrant leeches
  51 saltlings (Desolation)
  21 tarantellas
  38 blink frogs
  2 glass eyes
  2 raiju (Lair:5)
  9 hornets
  A wind drake (shapeshifter) (D:14)
  143 slime creatures
  19 jumping spiders
  A frost giant simulacrum (Vaults:2)
  3 water elementals
  A vampire (D:13)
  A shadow (D:10)
  3 ynoxinuls (Lair:5)
  9 spriggans
  8 wyverns
  31 culicivoras
  9 small abominations (Lair:5)
  2 humans (D:13)
  8 wraiths
  2 fire elementals
  60 yaks
  2 hogs (D:13)
  Eustachio (D:4)
  10 golden eyes
  15 basilisks
  Grum (Lair:1)
  3 wargs
  29 vampire mosquitoes
  4 steam dragons
  57 redbacks
  4 acid dragons
  12 swamp worms
  Edmund (D:4)
  18 water moccasins
  10 swamp drakes
  24 orc warriors
  2 sky beasts
  5 black bears
  2 ice beasts
  12 centaurs
  17 ogres
  18 wolves
  11 kobold brigands
  16 bullfrogs
  2 gnoll sergeants
  2 earth elementals (Elf:1)
  4 wights (D:9)
  4 killer bees (D:10)
  3 bombardier beetles
  2 electric eels (Lair:3)
  7 howler monkeys
  14 orc priests
  3 gnoll boudas
  3 hounds
  8 jellies
  4 sleepcaps
  Natasha (D:2)
  6 iguanas
  14 orc wizards
  Terence (D:2)
  20 gnolls
  10 adders
  3 white imps
  2 ufetubi (D:5)
  A ribbon worm (D:4)
  A dart slug (D:4)
  63 orcs
  3 bats
  12 endoplasms
  5 giant cockroaches
  10 goblins
  4 hobgoblins
  12 jackals
  18 kobolds
  3 quokkas
  11 ball pythons
  4 frilled lizards
  11 rats
1750 creatures vanquished.

Vanquished Creatures (collateral kills)
  the Royal Jelly (Slime:5)
  An orc warlord (Vaults:1)
  An entropy weaver (Vaults:1)
  A ragged hierophant (Desolation)
  A dancing weapon (Elf:2)
  A deep elf knight (Elf:2)
  2 deep trolls (Vaults:1)
  2 harpies (Vaults:1)
  2 ironbound convokers (Vaults:1)
  An orc knight (Vaults:1)
  A yaktaur (Vaults:1)
  8 saltlings (Desolation)
  A redback (Vaults:1)
23 creatures vanquished.

Vanquished Creatures (others)
  A spriggan (Swamp:3)
  A deep elf knight (Elf:2)
  A deep elf pyromancer (Elf:1)
  A guardian serpent (Desolation)
  A water nymph (shapeshifter) (Vaults:1)
  A bloated husk (Swamp:3)
  A hornet (Swamp:3)
  A raiju (Lair:5)
  An orc wizard (Orc:2)
  22 foxfires
31 creatures vanquished.

Grand Total: 1804 creatures vanquished

Notes
Turn   | Place    | Note
-------+----------+-------------------------------------------
     0 | D:1      | anacleto the Troll Shapeshifter began the quest for the
                  | Orb.
     0 | D:1      | Reached XP level 1. HP: 18/18 MP: 0/0
   123 | D:1      | Reached skill level 1 in Fighting
   162 | D:1      | Reached XP level 2. HP: 26/27 MP: 1/1
   503 | D:1      | Reached XP level 3. HP: 33/33 MP: 2/2
   581 | D:1      | Upgraded the game from 0.32-a0-30-gefbe487952 to
                  | 0.32-a0-33-g74fbe469d6
   932 | D:2      | Found Leligery's Weapon Shoppe.
   995 | D:2      | Noticed Terence
  1003 | D:2      | Killed Terence
  1004 | D:2      | Reached XP level 4. HP: 22/41 MP: 3/3
  1056 | D:2      | Noticed Natasha
  1612 | D:2      | Killed Natasha
  1613 | D:2      | Reached skill level 4 in Shapeshifting
  1613 | D:2      | Reached XP level 5. HP: 46/49 MP: 4/4
  1733 | D:3      | You fall into a shaft and drop 1 floor!
  1809 | D:4      | Noticed Edmund
  1815 | D:4      | Noticed Eustachio
  1838 | D:4      | Killed Edmund
  1839 | D:4      | Reached XP level 6. HP: 57/57 MP: 5/5
  1854 | D:4      | Killed Eustachio
  1855 | D:4      | Reached skill level 5 in Shapeshifting
  2052 | D:3      | Found a shimmering altar of Xom.
  2060 | D:3      | Found a faded altar of an unknown god.
  2082 | D:3      | Reached XP level 7. HP: 37/66 MP: 6/6
  2926 | D:5      | Entered Level 5 of the Dungeon
  2948 | D:5      | Reached skill level 6 in Shapeshifting
  2999 | D:5      | Found a transporter.
  2999 | D:5      | Identified the +10 dire flail of Defence by Offence
                  | {protect, *Slow rCorr Str+3 Int+3}
  2999 | D:5      | Noticed soberseth's ghost (amateur DECj)
  3085 | D:5      | Found a sparkling altar of Nemelex Xobeh.
  3161 | D:5      | Reached XP level 8. HP: 75/75 MP: 7/7
  3164 | D:5      | Reached skill level 7 in Shapeshifting
  3361 | D:5      | Found a staircase to the Ecumenical Temple.
  3525 | D:5      | Found a transporter.
  3561 | D:5      | Found an ornate altar of the Wu Jian Council.
  3722 | Temple   | Entered the Ecumenical Temple
  3754 | Temple   | Became a worshipper of Qazlal Stormbringer
  4248 | D:6      | Reached skill level 8 in Shapeshifting
  4710 | D:6      | Reached skill level 9 in Shapeshifting
  4942 | D:7      | Reached * piety under Qazlal
  4973 | D:7      | Reached XP level 9. HP: 46/81 MP: 8/8
  5163 | D:7      | Reached skill level 10 in Shapeshifting
  5723 | D:8      | Reached skill level 11 in Shapeshifting
  5786 | D:8      | Found a flagged portal.
  5817 | Bailey   | Entered a bailey
  5861 | Bailey   | Reached ** piety under Qazlal
  6113 | Bailey   | Reached skill level 12 in Shapeshifting
  6247 | Bailey   | Reached XP level 10. HP: 91/91 MP: 9/9
  6324 | Bailey   | Identified the +6 orcbow of Ashenzari, Mauling {speed, Fly
                  | MP+9}
  6335 | Bailey   | Identified the +3 orcbow of Kicuann {flame, MP+9}
  6373 | Bailey   | Reached skill level 15 in Shapeshifting
  6373 | Bailey   | Reached XP level 11. HP: 97/97 MP: 10/10
  6526 | D:8      | Noticed Gastronok
  6545 | D:8      | Killed Gastronok
  6924 | D:8      | Found a snail-covered altar of Cheibriados.
  7220 | D:8      | Noticed Erica
  7224 | D:8      | Killed Erica
  7225 | D:8      | Reached skill level 16 in Shapeshifting
  7275 | D:8      | Found a broken altar of Ashenzari.
  7284 | D:8      | Found a shadowy altar of Dithmenos.
  7355 | D:9      | Found a staircase to the Lair.
  7375 | D:9      | Reached *** piety under Qazlal
  7719 | D:9      | Found Ramm's Vocational Training.
  7880 | D:9      | Found a shimmering blue altar of Sif Muna.
  8309 | D:9      | Reached skill level 1 in Invocations
  8501 | D:10     | Entered Level 10 of the Dungeon
  8630 | D:10     | Noticed a deep elf pyromancer
  8886 | D:10     | Reached skill level 1 in Throwing
  8895 | D:10     | Reached skill level 5 in Unarmed Combat
  8944 | D:10     | Reached **** piety under Qazlal
  8971 | D:10     | Reached XP level 12. HP: 105/105 MP: 12/12
  8996 | D:10     | Noticed a two-headed ogre
  9005 | D:10     | Killed a two-headed ogre
  9535 | D:10     | Found a staircase to the Orcish Mines.
  9804 | Orc:1    | Entered Level 1 of the Orcish Mines
 10270 | Orc:1    | Found a transporter.
 10290 | Orc:1    | Found a transporter.
 10290 | Orc:1    | Found an ornate altar of the Wu Jian Council.
 10290 | Orc:1    | Noticed an orc warlord
 10314 | Orc:1    | Found a transporter.
 10318 | Orc:1    | Found an ornate altar of the Wu Jian Council.
 10319 | Orc:1    | Found a transporter.
 10334 | Orc:1    | Reached skill level 1 in Shields
 10339 | Orc:1    | Reached skill level 17 in Shapeshifting
 10591 | Orc:1    | Killed an orc warlord
 10921 | Orc:2    | Entered Level 2 of the Orcish Mines
 10959 | Orc:2    | Reached ***** piety under Qazlal
 11157 | Orc:2    | Paralysed by an orc sorcerer for 5 turns
 11216 | Orc:2    | Found a staircase to the Elven Halls.
 11276 | Orc:2    | Noticed an orc high priest
 11278 | Orc:2    | Noticed an orc high priest
 11278 | Orc:2    | Noticed an orc high priest
 11301 | Orc:1    | Killed an orc high priest
 11313 | Orc:2    | Paralysed by an orc sorcerer for 4 turns
 11317 | Orc:2    | Killed an orc high priest
 11361 | Orc:1    | Killed an orc high priest
 11538 | Orc:1    | Reached XP level 13. HP: 95/117 MP: 14/14
 11566 | Orc:2    | Paralysed by an orc sorcerer for 2 turns
 11574 | Orc:1    | Paralysed by an orc sorcerer for 5 turns
 11578 | Orc:1    | Reached skill level 5 in Dodging
 11903 | Orc:2    | Found Nez Nev's Antique Armour Shop.
 11906 | Orc:2    | Found Yluipty's Distillery.
 11916 | Orc:2    | Found Bacaeteuti's Jewellery Emporium.
 11937 | Orc:2    | Found Qocaor's Distillery.
 12414 | D:9      | Bought a manual of Invocations for 1120 gold pieces
 12638 | D:11     | Reached skill level 5 in Fighting
 12768 | D:11     | Identified the ring "Acuequol" {Wiz rElec}
 12795 | D:11     | Found a stormy altar of Qazlal.
 12945 | D:11     | Noticed Erolcha
 12962 | D:11     | Killed Erolcha
 13080 | D:12     | Noticed Nergalle
 13087 | D:12     | Killed Nergalle
 13180 | D:12     | Reached skill level 5 in Invocations
 13940 | D:13     | Noticed Josephine
 13971 | D:12     | Reached skill level 5 in Throwing
 14143 | D:13     | Reached ****** piety under Qazlal
 14209 | D:13     | Noticed Lodul
 14224 | D:13     | Killed Lodul
 14308 | D:13     | Reached XP level 14. HP: 128/128 MP: 17/17
 14312 | D:13     | Noticed Kirke
 14326 | D:13     | Killed Kirke
 14327 | D:13     | Reached skill level 18 in Shapeshifting
 14521 | D:13     | Killed Josephine
 14727 | D:13     | Found a gate to the Vaults.
 15369 | D:14     | Noticed Roxanne
 15392 | D:14     | Killed Roxanne
 15672 | D:15     | Entered Level 15 of the Dungeon
 15683 | D:15     | Reached skill level 5 in Shields
 15724 | D:15     | Found Socem's Pet Rocks.
 15758 | D:15     | Bought 3 large rocks for 54 gold pieces
 15758 | D:15     | Bought 3 large rocks for 54 gold pieces
 15758 | D:15     | Bought 4 large rocks for 72 gold pieces
 16278 | D:15     | Found a staircase to the Depths.
 16638 | Depths:1 | Entered Level 1 of the Depths
 16639 | Depths:1 | Noticed a sphinx
 16642 | Depths:1 | Noticed a stone giant
 16647 | D:15     | Killed a sphinx
 16661 | Depths:1 | Noticed a green very ugly thing
 16667 | D:15     | Killed a stone giant
 16680 | Depths:1 | Noticed a green very ugly thing
 16691 | D:15     | Killed a cyan very ugly thing
 16801 | D:15     | Killed a green very ugly thing
 17023 | Depths:1 | Noticed a green very ugly thing
 17138 | D:15     | Killed a green very ugly thing
 17248 | Depths:1 | Noticed a frost giant
 17256 | D:15     | Killed a frost giant
 17257 | D:15     | Reached XP level 15. HP: 129/139 MP: 20/20
 17521 | Depths:1 | Noticed a frost giant
 17538 | Depths:1 | Killed a frost giant
 17602 | Depths:1 | Found a one-way gate leading to the halls of Pandemonium.
 17809 | Depths:1 | Found a gateway to Hell.
 17971 | Depths:1 | Noticed a fire giant
 17981 | Depths:1 | Killed a fire giant
 18060 | Depths:1 | Found an ornate altar of the Wu Jian Council.
 18149 | Depths:1 | Reached skill level 19 in Shapeshifting
 18368 | Lair:1   | Entered Level 1 of the Lair of Beasts
 18644 | Lair:1   | Noticed Grum
 18648 | Lair:1   | Killed Grum
 19622 | Lair:1   | Got Sif Muna's Handbook of Sinister Pyromancy
 19925 | Lair:2   | Reached XP level 16. HP: 150/150 MP: 22/22
 20002 | Lair:2   | Found a hole to the Spider Nest.
 20144 | Lair:2   | Reached skill level 10 in Invocations
 20188 | Lair:2   | Identified the maw talisman "Tacank" {rPois rC+ Int+2}
 20480 | Lair:2   | You fall into a shaft and drop 1 floor!
 20490 | Lair:3   | Found a staircase to the Swamp.
 20546 | Lair:3   | Noticed Sonja
 20620 | Lair:3   | Killed Sonja
 21268 | Lair:4   | Found a staircase to the Slime Pits.
 21268 | Lair:4   | Found a viscous altar of Jiyva.
 21341 | Lair:4   | Identified 2 scrolls of acquirement
 21357 | Lair:3   | Acquired a manual of Throwing
 21360 | Lair:3   | Acquired the +1 cloak of Starlight {*Dazzle EV+4 Stlth--}
 21360 | Lair:3   | Found the +1 cloak of Starlight {*Dazzle EV+4 Stlth--}
 22083 | Lair:5   | Entered Level 5 of the Lair of Beasts
 22115 | Lair:4   | Reached skill level 10 in Unarmed Combat
 22701 | Lair:5   | Reached XP level 17. HP: 161/161 MP: 24/24
 23177 | Lair:5   | Found a corrupted altar of Lugonu.
 23177 | Lair:5   | Found a one-way gate to the infinite horrors of the Abyss.
 23200 | Lair:5   | Identified the storm talisman "Pankimn" {rC+ Str+5 Int-2
                  | Stlth-}
 23559 | Spider:1 | Entered Level 1 of the Spider Nest
 23575 | Spider:1 | Reached skill level 20 in Shapeshifting
 24088 | Orc:2    | Bought an amulet of reflection for 360 gold pieces
 24791 | Spider:2 | Noticed Louise
 24794 | Spider:2 | Killed Louise
 25118 | Spider:2 | Reached skill level 10 in Throwing
 25366 | Spider:2 | Identified the serpent talisman of Love and Death {*Corrode
                  | Fly rC+ rN+}
 25366 | Spider:2 | Noticed Aizul
 25378 | Spider:2 | Killed Aizul
 26830 | Spider:4 | Entered Level 4 of the Spider Nest
 26933 | Spider:4 | Reached XP level 18. HP: 171/171 MP: 26/26
 27591 | Spider:4 | Noticed Arachne
 27743 | Spider:4 | Killed Arachne
 28191 | Spider:4 | Got a gossamer rune of Zot
 28898 | Swamp:1  | Entered Level 1 of the Swamp
 30150 | Swamp:2  | Reached skill level 10 in Dodging
 30463 | Swamp:2  | Reached skill level 21 in Shapeshifting
 30529 | Swamp:2  | Reached skill level 10 in Fighting
 30565 | Swamp:2  | Found a sacrificial altar of Ru.
 30591 | Swamp:2  | Identified the staff "Kaczio" {rC+ rCorr Ice Alchemy}
 30897 | Swamp:3  | Noticed Jorgrun
 30914 | Swamp:2  | Killed Jorgrun
 31801 | Swamp:4  | Entered Level 4 of the Swamp
 31801 | Swamp:4  | Noticed Mara
 31813 | Swamp:3  | Killed Mara
 31814 | Swamp:3  | Reached XP level 19. HP: 182/182 MP: 27/27
 32597 | Swamp:4  | Noticed the 27-headed Lernaean hydra
 32630 | Swamp:4  | Killed the 27-headed Lernaean hydra
 33299 | Swamp:4  | Got a decaying rune of Zot
 33622 | Slime:1  | Entered Level 1 of the Pits of Slime
 33650 | Lair:4   | Reached skill level 10 in Shields
 33678 | Slime:1  | Gained mutation: You are dopey. (Int -2) [a shining eye]
 33679 | Slime:1  | Gained mutation: You are frail. (-10% HP) [a shining eye]
 34034 | Slime:2  | Gained mutation: You are very frail. (-20% HP) [a shining
                  | eye]
 34036 | Slime:2  | Gained mutation: Your magical capacity is low. (-10% MP) [a
                  | shining eye]
 34038 | Slime:2  | Gained mutation: You are clumsy. (Dex -2) [a shining eye]
 34039 | Slime:2  | Gained mutation: Armour fits poorly on your strangely
                  | shaped body. [a shining eye]
 34513 | Slime:3  | Gained mutation: You have a pair of small horns on your
                  | head. [a shining eye]
 34518 | Slime:3  | Gained mutation: Your magical capacity is very low. (-20%
                  | MP) [a shining eye]
 35800 | Slime:5  | Entered Level 5 of the Pits of Slime
 35811 | Slime:4  | Reached XP level 20. HP: 154/154 MP: 23/23
 35819 | Slime:5  | Gained mutation: You are partially covered in iridescent
                  | scales. (AC +2) [a shining eye]
 35822 | Slime:4  | Gained mutation: You are weak. (Str -2) [a shining eye]
 35847 | Slime:4  | Gained mutation: You are occasionally teleported next to
                  | monsters. [a shining eye]
 35999 | Slime:5  | Noticed the Royal Jelly
 37015 | Slime:4  | Reached skill level 22 in Shapeshifting
 37346 | Slime:5  | Found a viscous altar of Jiyva.
 37465 | Slime:5  | Killed the Royal Jelly
 37826 | Slime:5  | Got the Almanac of the Congregation and Phlogiston
 37857 | Slime:5  | Identified the +2 cloak of Xeolusm {rPois rN+}
 37985 | Slime:5  | Identified the +5 chain mail of the Accordion {Harm +Blink
                  | rCorr SInv}
 37989 | Slime:5  | Identified the +4 flail of Invincibility {heavy, rCorr
                  | Str+3 Dex+6 Stlth-}
 37991 | Slime:5  | Got a slimy rune of Zot
 37992 | Slime:5  | Identified the +5 halberd of Zynorr {freeze, Fly}
 38042 | Slime:5  | Identified the +3 scale mail of Vubaim {rElec rF+ rC+}
 38065 | Slime:5  | Got the Precepts of the Chill
 38088 | Slime:5  | Identified the +6 short sword "Giantslayer" {freeze, Dex+3}
 38738 | Vaults:1 | Entered Level 1 of the Vaults
 39545 | Vaults:1 | Found Osycuy's Weapon Emporium.
 39842 | Vaults:1 | Identified the +12 falchion of the Many Queens {speed,
                  | Int+2}
 40571 | Vaults:2 | Noticed Saint Roka
 40581 | Vaults:2 | Killed Saint Roka
 40669 | Vaults:2 | Reached XP level 21. HP: 163/163 MP: 24/24
 40783 | Vaults:2 | Found a crumbling gateway.
 40787 | Desolati | Entered the Desolation of Salt
 41299 | Desolati | Identified the +5 morningstar of Lynibral {elec, SInv}
 41365 | Desolati | Identified the +0 chain mail "Ryduwud" {Str+4 Int+2}
 41368 | Desolati | Got the Compendium of Assembled Ensorcelling
 41532 | Desolati | Identified the +10 short sword of the Inviting Gods {heavy,
                  | rCorr}
 41533 | Desolati | Identified the +1 mace of the Pariah {drain, *Noise rCorr
                  | Dex-2 SInv}
 41534 | Desolati | Identified the +4 trident of the Warrior {freeze, rF+}
 42581 | Vaults:2 | Found Jooganes's Assorted Antiques.
 42588 | Vaults:2 | Bought a potion of lignification for 117 gold pieces
 42588 | Vaults:2 | Bought a scroll of teleportation for 117 gold pieces
 42588 | Vaults:2 | Bought a scroll of fog for 156 gold pieces
 42588 | Vaults:2 | Bought a potion of curing for 117 gold pieces
 42588 | Vaults:2 | Bought a scroll of enchant armour for 292 gold pieces
 43125 | Elf:1    | Entered Level 1 of the Elven Halls
 43402 | Elf:1    | Found a shimmering blue altar of Sif Muna.
 43697 | Elf:1    | Found Noraucvu's One-of-a-Kind Rings.
 43703 | Elf:1    | Bought a +9 ring of strength for 1170 gold pieces
 44156 | Elf:2    | Found a huge runed translucent gate.
 44156 | Elf:2    | Found a huge runed translucent gate.
 44156 | Elf:2    | Found a huge runed translucent gate.
 44156 | Elf:2    | Found a huge runed translucent gate.
 44156 | Elf:2    | Found a huge runed translucent gate.
 44195 | Elf:2    | Reached skill level 23 in Shapeshifting
 44205 | Elf:2    | Found a shimmering blue altar of Sif Muna.
 44599 | Elf:2    | Found a magical portal.
 45091 | Elf:2    | Reached XP level 22. HP: 171/171 MP: 25/25
 45867 | Elf:3    | Entered Level 3 of the Elven Halls
 45883 | Elf:3    | Noticed Donald
 46251 | Elf:3    | Identified the +3 eveningstar of Megatuo {pain, MP+9 Int+2}
 46277 | Elf:3    | HP: 10/223 [deep elf elementalist/Lee's Rapid
                  | Deconstruction (46)]
 46277 | Elf:3    | Killed from afar by a deep elf elementalist

Illustrated notes

Levels and vault maps discovered:
D:1:      lemuel_arrival_cross, layout_loops_corners, serial_park_tiny_1,
          minmay_tetromino_s2
D:2:      minmay_angry_zag, layout_rooms, serial_shops, nicolae_shop_tiny_glass,
          uniq_terence, uniq_natasha
D:3:      layout_rooms, xom_butterflies, hellmonk_ecumenical_altar_arch_garden
D:4:      layout_basic, uniq_edmund, uniq_eustachio
D:5:      layout_basic, kennysheep_little_box, nemelex_altar_shiori,
          minmay_temple_entry_fiery, gammafunk_ghost_smash
D:6:      layout_loops_cross, nicolae_benzene_ring
D:7:      layout_loops_ring, kennysheep_dice
D:8:      layout_cave_pods, cheibriados_altar_1, mainiacjoe_overflow_swirl,
          enter_bailey_5, uniq_gastronok, uniq_erica
D:9:      layout_layer_cave, kennysheep_mini, due_lair_maze_entry_diamond,
          minmay_misc_feat_hallway, nicolae_shop_vocational
D:10:     layout_irregular_city, david_orc_1_choice, minmay_alternating_orb
D:11:     layout_basic, nicolae_qazlal_general_emergency, uniq_erolcha
D:12:     layout_roguey, uniq_nergalle
D:13:     layout_roguey, grunt_vaults_entry_fortified, uniq_josephine,
          uniq_lodul, uniq_kirke
D:14:     layout_gridville, drop_trap, uniq_roxanne
D:15:     hangedman_depths_entry_try_elsewhere_first, layout_basic,
          serial_corexii_hall, corexii_hall_statues_l,
          corexii_hall_statues_deadend, corexii_hall_statues_i,
          chequers_hall_statues_y, chequers_hall_statues_y,
          corexii_hall_statues_x, hangedman_decor_diamond_cutter,
          guppyfry_shop_earth
Temple:   bh_familiar_temple
Lair:1:   dpeg_oklob_gauntlet, layout_small_grid, chequers_serial_rivers_room_a,
          nzn_random_ring, uniq_grum
Lair:2:   nzn_winding_woodlands_cross [nzn_winding_woodlands_5x15_jagged,
          nzn_winding_woodlands_5x15_crooked, nzn_winding_woodlands_5x15_eye,
          nzn_winding_woodlands_5x15_pockets,
          nzn_winding_woodlands_15x15_boxy_spiral], layout_misc_corridors,
          spider_nest_entry_a, beast_lair_carwin_4
Lair:3:   layout_roguey, minmay_swamp_entry_swarm, grunt_forest_stairs_clearing,
          lemuel_fruit_tree, serial_bayou_shore_a, infiniplex_staircase_pool,
          uniq_sonja
Lair:4:   layout_loops_ring, nicolae_slime_entry_field_trip, grunt_megastairs_1
Lair:5:   hellmonk_lair_end_abyssal_woods, layout_layer_cave
Swamp:1:  layout_basic_swamp, evilmike_swamp_ruin_rubble_1,
          nicolae_swamp_tree_isthmus
Swamp:2:  layout_basic_swamp, evilmike_swamp_ruin_wall,
          nicolae_swamp_small_spring, swamp_pool_4, nicolae_swamp_godswood,
          st_swamp_ruins_2
Swamp:3:  layout_basic_swamp, serial_swamp_ruin, hangedman_swamp_ruin_wall,
          evilmike_swamp_ruin_house_4, swamp_pool_4, nicolae_swamp_big_swirl,
          hangedman_swamp_double_dragon, uniq_jorgrun
Swamp:4:  swamp_old_school, layout_basic_swamp, uniq_mara
Spider:1: layout_spider_delve, hangedman_spider_tarantella_strand
Spider:2: layout_spider_delve, hangedman_spider_trapstep, uniq_aizul,
          uniq_louise
Spider:3: layout_spider_delve
Spider:4: grunt_spider_rune_circles, uniq_arachne
Slime:1:  layout_caves
Slime:2:  layout_caves
Slime:3:  layout_caves
Slime:4:  layout_caves
Slime:5:  slime_pit_nicolae_trefoil
Orc:1:    dreamdust_wu_jian_sword_trials, layout_diamond_mine
Orc:2:    st_orc_elflike, layout_caves, portal_ice_cave_demonic_guard,
          basic_altar
Elf:1:    layout_geoelf_grid, basic_altar, minmay_elf_annihilation,
          nicolae_shop_unique_rings
Elf:2:    elven_hall_of_blades_hangedman_alternative
          [nooodl_blade_entry_preview], layout_loops_corners,
          infiniplex_enter_wizlab_glasses, basic_altar
Elf:3:    minmay_elf_hall_quartered_circle, layout_geoelf_diagonals, uniq_donald
Vaults:1: hangedman_vaults_capsules, vaults_room_large_hall,
          nicolae_vaults_circle_grid_b, st_check,
          nicolae_vaults_little_squares_4, vaults_dpeg_diagonal,
          nicolae_vaults_surprise_closet, nicolae_vaults_network_square,
          v_misc_2, nicolae_vaults_big_ls, v_alt_pattern_4,
          nicolae_vaults_three_branches, vaults_dpeg_emergency_exit,
          layout_vaults_chaotic_city, serial_shops, shop
Vaults:2: portal_desolation_entry_nicolae_forbidding_blocks,
          nicolae_vaults_closet_pinwheel_4,
          nicolae_vaults_corridor_and_loot_room, ontoclasm_vaults_spin,
          nicolae_vaults_little_squares_4, nicolae_vaults_more_shelving_1,
          grunt_vaults_funnel, nicolae_vaults_trapezoid_1, v_alt_pattern_1,
          vaults_dpeg_ring, vaults_room_stairs_pillars,
          nicolae_vaults_double_plus_1, layout_vaults_omnicross, serial_shops,
          nicolae_shop_dealshenge, uniq_saint_roka
Depths:1: minmay_box_of_statues, layout_twisted_cross,
          nzn_wu_jian_contemplation, hangedman_geh_valley,
          grunt_pan_entry_spiral, dk_noncrumbling_2, glass_columns_c,
          nicolae_concentric_dashed_squares_wild,
          chequers_serial_rivers_micro_c, kennysheep_nondescript,
          nicolae_uskayaw_suspiria

Skill      XL: |  1  2  3  4  5  6  7  8  9 10 11 12 13 14 15 16 17 18 19 20 21 22 |
---------------+-------------------------------------------------------------------+-----
Fighting       | 1 2 3 4 5 6 7 8 9 10 11 12 | 12.2
Dodging        | 2 3 4 6 7 8 9 10 11 12 | 12.3
Shapeshifting  | 4 5 6 9 12 15 16 17 18 19 20 21 22 23 | 23.2
Unarmed Combat | 4 5 6 7 8 9 10 11 12 13 14 | 14.2
Invocations    | 2 3 6 8 9 11 12 13 14 | 14.7
Throwing       | 1 3 5 6 7 9 10 12 13 14 | 14.9
Shields        | 2 4 5 6 7 8 9 10 11 12 | 12.1

Action                     |  1- 3 |  4- 6 |  7- 9 | 10-12 | 13-15 | 16-18 | 19-21 | 22-24 || total
---------------------------+-------+-------+-------+-------+-------+-------+-------+-------++-------
  Melee: Unarmed           |    83 |   126 |   313 |   432 |   834 |  1178 |  1099 |    85 ||  4150
         Punch             |       |     1 |     4 |       |       |     1 |     4 |       ||    10
         Constrict         |       |       |    24 |    93 |    86 |       |       |       ||   203
         Headbutt          |       |       |       |       |       |       |   198 |     8 ||   206
         Tailslap          |       |       |       |       |       |       |    12 |     2 ||    14
         Bite              |       |       |       |       |       |       |     5 |       ||     5
  Throw: Large rock        |       |       |       |       |     9 |    12 |    53 |       ||    74
         Boomerang         |       |       |       |       |       |    46 |    93 |       ||   139
 Invoke: Elemental Force   |       |       |       |       |       |     1 |     8 |     1 ||    10
         Upheaval          |       |       |       |       |       |     1 |     4 |       ||     5
         Disaster Area     |       |       |       |       |       |       |     2 |     2 ||     4
Ability: Begin Untransform |       |       |     1 |     2 |     2 |     2 |     2 |     1 ||    10
         Breathe Fire      |       |       |       |       |       |       |     2 |     1 ||     3
  Evoke: Wand              |       |       |       |     8 |       |     4 |     3 |       ||    15
         Lightning rod     |       |       |       |       |       |       |     4 |       ||     4
    Use: Potion            |       |     1 |       |     6 |       |     1 |    13 |     7 ||    28
         Scroll            |       |       |     5 |     5 |     9 |    13 |    18 |     3 ||    53
   Stab: Invisible         |       |       |       |     1 |       |    20 |     3 |     1 ||    25
         Confused          |       |       |       |       |       |       |     1 |       ||     1
         Paralysed         |       |       |       |       |       |       |     3 |       ||     3
 Armour: Animal skin       |    47 |   102 |   146 |       |       |       |       |       ||   295
         Skin              |       |    18 |    98 |   371 |   379 |   903 |  1061 |    94 ||  2924
  Dodge: Dodged            |    31 |    60 |   264 |   325 |   576 |  1963 |  1669 |    64 ||  4952
         Repelled          |       |       |       |     4 |    12 |    10 |    37 |    10 ||    73
  Block: Other             |       |       |    16 |    87 |   136 |     2 |    64 |    12 ||   317
         Kite shield       |       |       |       |     7 |   468 |  2390 |  1765 |   109 ||  4739
         Reflection        |       |       |       |       |       |    16 |    82 |    11 ||   109
   Form: Serpent           |       |       |     1 |     2 |     1 |       |       |       ||     4
         Statue            |       |       |       |       |     1 |     1 |     1 |     1 ||     4
         Storm             |       |       |       |       |       |     1 |       |       ||     1
         Dragon            |       |       |       |       |       |       |     1 |       ||     1

Table legend: (Time is in decaauts)
 A = Elapsed time spent in this place.
 B = Non-inter-level travel time spent in this place.
 C = Inter-level travel time spent in this place.
 D = Time resting spent in this place.
 E = Time spent auto-exploring this place.
 F = Levels seen in this place.
 G = Mean time per level.
                   A        B        C        D        E       F      G
               +--------+--------+--------+--------+--------+-----+--------+
         Total |  59700 |  55666 |   4034 |  10765 |  26818 |  44 | 1356.8 |
       Dungeon |  16133 |  14439 |   1694 |   2060 |   8463 |  15 | 1075.5 |
        Temple |     60 |     32 |     28 |      0 |      0 |   1 |   60.0 |
          Lair |   9149 |   8427 |    722 |    925 |   5202 |   5 | 1829.8 |
         Swamp |   6343 |   6031 |    312 |   1321 |   3090 |   4 | 1585.8 |
   Spider Nest |   6388 |   6142 |    246 |   1524 |   2836 |   4 | 1597.0 |
    Slime Pits |   7090 |   6918 |    172 |   2877 |   2047 |   5 | 1418.0 |
  Orcish Mines |   3027 |   2404 |    623 |    718 |   1007 |   2 | 1513.5 |
   Elven Halls |   3510 |   3386 |    124 |    778 |   1193 |   3 | 1170.0 |
        Vaults |   4616 |   4519 |     97 |    306 |   2479 |   2 | 2308.0 |
        Depths |   1299 |   1288 |     11 |     31 |    214 |   1 | 1299.0 |
        Bailey |    689 |    689 |      0 |    103 |     22 |   1 |  689.0 |
    Desolation |   1391 |   1391 |      0 |    119 |    262 |   1 | 1391.0 |
               +--------+--------+--------+--------+--------+-----+--------+

Top non-repeatable levels by time:
Vaults:1: 2719 daAuts
    D:15: 2556 daAuts
 Slime:5: 2122 daAuts
  Lair:1: 2068 daAuts
 Swamp:3: 1988 daAuts
 Slime:4: 1973 daAuts
   Orc:1: 1938 daAuts
Vaults:2: 1896 daAuts
  Lair:2: 1893 daAuts
  Lair:5: 1889 daAuts
Spider:2: 1860 daAuts
 Swamp:4: 1847 daAuts
     D:9: 1823 daAuts
Spider:3: 1771 daAuts
  Lair:3: 1751 daAuts
